 Dungeon Crawl Stone Soup version 0.31.0-1-g2c135a008e (webtiles) character file.

Game seed: 674359483199625926

149 qw the Shooter (level 5, -3/40 HPs)
             Began as a Djinni Hunter on Jan 23, 2024.
             Was an Initiate of Okawaru.
             Slain by a gnoll
             ... wielding a +0 whip
              (5 damage)
             ... on level 3 of the Dungeon.
             The game lasted 00:00:05 (1674 turns).

qw the Shooter (Djinni Hunter)                      Turns: 1674, Time: 00:00:06

Health: -3/40      AC:  6    Str: 10    XL:     5   Next: 57%
Gold:   99         EV: 11    Int:  7    God:    Okawaru [......] SH:  5 Dex: 18

rFire   + + .        a - +1 shortbow
rCold   x . .        (shield currently unavailable)
rNeg    . . .        g - +0 ring mail
rPois   inf          e - +0 helmet
rElec   .            (no cloak)
rCorr   .            (no gloves)
SInv    .            (boots unavailable)
Will    .....        c - amulet of Ehoogaix {Reflect +Inv Int-4 SH+5 Stlth+}
Stlth   ++           (no ring)
HPRegen 0.26/turn    (no ring)
MPRegen 0.00/turn

%: reflection, infuse magic (-4 HP)
@: about to teleport, flying
A: sickness immunity, fire resistance 2, cold vulnerability 1, float, innate
caster, HP casting, extra vitality 1
a: Renounce Religion, Evoke Invisibility


You were on level 3 of the Dungeon.
You worshipped Okawaru.
Okawaru was noncommittal.
You visited 1 branch of the dungeon, and saw 3 of its levels.

You collected 121 gold pieces.
You spent 22 gold pieces at shops.


Innate Abilities, Weirdness & Mutations

You are immune to sickness and miasma.
You are immune to poison.
Your flesh is very heat resistant. (rF++)
You are vulnerable to cold. (rC-)
You float through the air rather than walking.
You learn spells naturally, not from books.
Your magical power is your life essence.
You have superior vitality. (+4 MHP)


   Skills:
 - Level 3.0 Fighting
 + Level 4.8 Ranged Weapons
 - Level 1.0 Armour
 - Level 2.1 Dodging
 - Level 0.7 Stealth


You knew the following spells:

 Your Spells              Type           Power      Damage    Failure   Level
a - Freeze                Ice            0%         1d3       75%         1
b - Call Imp              Summ           0%         N/A       87%         2
Your spell library was empty.

Inventory:

Hand Weapons
 a - a +1 shortbow (weapon)
Armour
 e - a +0 helmet (worn)
 g - a +0 ring mail (worn)
Jewellery
 c - the amulet of Ehoogaix (around neck) {Reflect +Inv Int-4 SH+5 Stlth+}
   (You acquired it on level 1 of the Dungeon)

   [amulet of reflection]

   Reflect:   It reflects blocked missile attacks.
   Int-4:     It affects your intelligence (-4).
   +Inv:      It lets you turn invisible.
   SH+5:      It affects your SH (+5).
   Stlth+:    It makes you more stealthy.
Potions
 b - a potion of heal wounds {unknown}
 d - a potion of mutation {unknown}
 f - a potion of lignification {unknown}
 i - 2 potions of attraction {unknown}
 j - a potion of berserk rage {unknown}

Dungeon Overview and Level Annotations

Branches:
Dungeon (3/15)

Altars:
Okawaru
Ru

Shops:
D:1 ?


Message History

A gnoll comes into view. It is wielding a +0 whip.
You shoot an arrow. The arrow barely misses the gnoll.
You shoot an arrow. The arrow barely misses the gnoll.
The gnoll completely misses you. The gnoll barely misses you.
The gnoll hits you with a +0 whip.
You shoot an arrow. The arrow closely misses the gnoll.
You shoot an arrow. The arrow hits the gnoll!
You kill the gnoll!
Okawaru accepts your kill. The gnoll hits you with a +0 flail.
The gnoll misses you. The gnoll closely misses you.
The gnoll hits you with a +0 whip.
You shoot an arrow. The arrow barely misses the gnoll.
The gnoll hits you with a +0 whip.
The gnoll hits you from afar with a +0 spear.
The gnoll hits you with a +0 flail.
You shoot an arrow. The arrow hits the gnoll.
The gnoll is heavily wounded.
You block the gnoll's attack.
The gnoll hits you from afar with a +0 spear.
The gnoll hits you with a +0 whip.
You shoot an arrow. The arrow hits the gnoll.
The gnoll is heavily wounded.
The gnoll barely misses you. The gnoll hits you but does no damage.
You block the gnoll's attack.
The gnoll hits you from afar with a +0 spear.
The gnoll barely misses you. The gnoll misses you.
You shoot an arrow. The arrow hits the gnoll!
You kill the gnoll!
Okawaru accepts your kill. The gnoll hits you with a +0 whip.
The gnoll hits you from afar with a +0 spear.
1673 ||| READING scroll of teleportation.
As you read the scroll of teleportation, it crumbles to dust.
You feel strangely unstable. You block the gnoll's attack.
The gnoll hits you from afar with a +0 spear!
You shoot an arrow. The arrow hits the gnoll.
The gnoll is lightly wounded.
The gnoll hits you with a +0 whip.
You die...

.# ######### .## #.......#
####.. ##.####.# ##.... #.#
#.# .... #.# #.# #
#g########## #.#
#.###..###).........# #.#
#.##>....@g.......# #.#
#.#############...# #.# #.#
##..# #.# #.##############..#
#.####.................#
#............................
############.................
##'###########...## #...#
.....


You could see 2 gnolls.

Vanquished Creatures
  Natasha (twice) (D:3)
  6 gnolls (D:3)
  An adder (D:2)
  5 bats
  4 endoplasms
  4 giant cockroaches
  5 goblins
  2 hobgoblins (D:2)
  2 ball pythons
  2 frilled lizards
  4 rats
37 creatures vanquished.

Notes
Turn   | Place    | Note
-------+----------+-------------------------------------------
     0 | D:1      | qw the Djinni Hunter began the quest for the Orb.
     0 | D:1      | Reached XP level 1. HP: 18/18 MP: 0/0
     0 | D:1      | 0 ||| qw: Version: 0.3-a-135-gb77e89d
     0 | D:1      | 0 ||| qw: Game counter: 927
     0 | D:1      | 0 ||| qw: Melee chars always use a shield: true
     0 | D:1      | 0 ||| qw: God list: Okawaru
     0 | D:1      | 0 ||| qw: Allow faded altars: false
     0 | D:1      | 0 ||| qw: Do Orc after clearing Dungeon:15 true
     0 | D:1      | 0 ||| qw: Do second Lair branch before Depths: true
     0 | D:1      | 0 ||| qw: Lair rune preference: random
     0 | D:1      | 0 ||| qw: Goals: Normal
     0 | D:1      | 0 ||| PLANNING D:1-11
    13 | D:1      | Found a faded altar of an unknown god.
   106 | D:1      | Found Vunyetoo's Magic Scroll Shop.
   115 | D:1      | 115 ||| SHOPLISTING 3 scrolls of teleportation (99 gold,
                  | have 24).
   115 | D:1      | 115 ||| SHOPLISTING scroll of brand weapon (104 gold, have
                  | 24).
   115 | D:1      | 115 ||| SHOPLISTING scroll of enchant armour (82 gold, have
                  | 24).
   115 | D:1      | 115 ||| SHOPLISTING scroll of enchant weapon (82 gold, have
                  | 24).
   115 | D:1      | 115 ||| BUYING scroll of identify (22 gold).
   115 | D:1      | Bought a scroll of identify for 22 gold pieces
   559 | D:1      | 559 ||| UPGRADING to +0 ring mail.
   569 | D:1      | 569 ||| DROPPING +0 leather armour.
   570 | D:1      | 570 ||| READING scroll of identify.
   570 | D:1      | 570 ||| IDENTIFYING orange potion
   571 | D:1      | 571 ||| READING 2 scrolls labelled DOOMMAVV GOEK.
   575 | D:1      | 575 ||| READING scroll labelled LECLUI DURUDA.
   575 | D:1      | Identified a scroll of acquirement
   575 | D:1      | 575 ||| ACQUIRING amulet of Ehoogaix {Reflect +Inv Int-4
                  | SH+5 Stlth+}
   575 | D:1      | Acquired the amulet of Ehoogaix {Reflect +Inv Int-4 SH+5
                  | Stlth+}
   577 | D:1      | 577 ||| UPGRADING to amulet of Ehoogaix {Reflect +Inv Int-4
                  | SH+5 Stlth+}.
   582 | D:1      | 582 ||| DROPPING scroll of butterflies.
   583 | D:1      | 583 ||| DROPPING potion of ambrosia.
   670 | D:2      | Identified the +3 spear of Qeih {heavy, Int+3}
   715 | D:2      | Reached XP level 2. HP: 23/23 MP: 0/0
   805 | D:2      | Reached XP level 3. HP: 28/28 MP: 0/0
   805 | D:2      | Learned a level 1 spell: Freeze
   831 | D:2      | Reached skill level 4 in Ranged Weapons
  1073 | D:2      | Reached skill level 1 in Armour
  1222 | D:2      | 1222 ||| UPGRADING to +0 helmet.
  1227 | D:2      | 1227 ||| READING scroll labelled XECLOX NYBRI.
  1227 | D:2      | 1227 ||| ENCHANTING +0 shortbow.
  1228 | D:2      | 1228 ||| READING scroll labelled VIEVVI OMUERI.
  1390 | D:3      | Reached XP level 4. HP: 34/34 MP: 0/0
  1396 | D:3      | Reached skill level 3 in Fighting
  1398 | D:3      | 1398 ||| FLEEEEING.
  1399 | D:3      | 1399 ||| FLEEEEING.
  1403 | D:3      | 1403 ||| FLEEEEING.
  1404 | D:3      | 1404 ||| FLEEEEING.
  1405 | D:3      | 1405 ||| FLEEEEING.
  1406 | D:3      | 1406 ||| FLEEEEING.
  1407 | D:3      | 1407 ||| FLEEEEING.
  1498 | D:3      | Noticed Natasha
  1504 | D:3      | Killed Natasha
  1505 | D:3      | Reached XP level 5. HP: 39/40 MP: 0/0
  1505 | D:3      | Learned a level 2 spell: Call Imp
  1522 | D:3      | Noticed Natasha
  1525 | D:3      | Killed Natasha
  1542 | D:3      | Found a sacrificial altar of Ru.
  1542 | D:3      | Found an iron altar of Okawaru.
  1543 | D:3      | 1543 ||| PLANNING OKAWARU WORSHIP
  1546 | D:3      | Became a worshipper of Warmaster Okawaru
  1547 | D:3      | 1547 ||| PLANNING D:1-11
  1672 | D:3      | HP: 10/40 [gnoll/+0 whip (6)]
  1673 | D:3      | 1673 ||| READING scroll of teleportation.
  1673 | D:3      | HP: 2/40 [gnoll/+0 spear (7)]
  1674 | D:3      | Slain by a gnoll

Levels and vault maps discovered:
D:1:      dpeg_arrival_simpleton_c, layout_loops_cross, serial_shops,
          nicolae_square_shop, chequers_ecumenical_altar_simple,
          minmay_misc_feat_cross, minmay_pentomino_t2
D:2:      layout_basic
D:3:      layout_basic, gammafunk_temple_overflow_elements, uniq_ijyb,
          uniq_natasha

Skill      XL: |  1  2  3  4 |
---------------+-------------+-----
Ranged Weapons | 4 |  4.8
Armour         | 1 |  1.0
Fighting       | 3 |  3.0
Dodging        | |  2.1
Stealth        | |  0.7

Action                     |  1- 3 |  4- 6 || total
---------------------------+-------+-------++-------
   Fire: Shortbow          |    62 |    47 ||   109
    Use: Scroll            |     5 |     1 ||     6
 Armour: Ring mail         |    11 |    19 ||    30
  Dodge: Dodged            |     8 |    14 ||    22
  Block: Other             |     2 |     7 ||     9

Table legend:
 A = Non-vault XP
 B = Vault XP
 C = Vault XP percentage of total XP
 D = Non-vault monster count
 E = Vault monster count
 F = Vault count percentage of total count
                 A         B        C        D         E       F
            +---------+---------+-------+---------+---------+-------
      Total |     176 |      38 |  17.8 |      34 |       3 |   8.1
            +---------+---------+-------+---------+---------+-------
        D:1 |       5 |       2 |  28.6 |       3 |       2 |  40.0
        D:2 |      41 |       0 |   0.0 |      18 |       0 |   0.0
        D:3 |     130 |      36 |  21.7 |      13 |       1 |   7.1
            +---------+---------+-------+---------+---------+-------
